Map: Efflorescence LE

Players

Seph

  • Race: Zerg Zerg
  • League: Bronze
  • Spawn Location: 3:00

gujoe

  • Race: Protoss Protoss
  • League: Bronze
  • Spawn Location: 12:00

thatsjustice - Winner!

  • Race: Terran Terran
  • League: Diamond
  • Spawn Location: 9:00

josh - Winner!

  • Race: Protoss Protoss
  • League: Gold
  • Spawn Location: 6:00

VOD

Have the link to the VOD?

Description

Time

  • Played on: Feb. 15, 2019, 7:07 p.m.
  • Length: 6:25
Show
View Real Time Build Order
Export as new Build Order

Seph Zerg 

Build Orders: Pool First 

Get SALT Encoding   

  12  0:06  Drone  
  13  0:29  Drone  
  14  0:39  Spawning Pool  
  13  0:45  Extractor  
  13  0:48  Drone  
  13  0:49  Extractor, Drone  
  13  0:53  Overlord  
  13  1:06  Drone  
  14  1:17  Drone  
  15  1:30  Drone  
  16  1:39  Drone  
  17  1:48  Lair  
  17  1:54  Hatchery  
  16  2:08  Drone  
  16  2:09  Drone x2  
  19  2:31  Zergling x4  
  21  2:43  Drone  
  22  2:55  Hydralisk Den  
  21  3:13  Queen  
  21  3:15  Evolution Chamber  
  22  3:23  Evolution Chamber, Drone x3  
  22  3:26  Grooved Spines  
  24  3:35  Drone  
  24  3:36  Drone x2  
  27  3:43  Drone  
  28  3:52  Zerg Missile Weapons Level 1  
  28  3:58  Zerg Ground Armor Level 1  
  28  4:17  Overlord x3  
  28  4:24  Overseer  
  28  4:34  Queen  
  30  4:38  Drone x2  
  30  4:39  Drone  
  30  4:45  Extractor  
  32  4:48  Extractor  
  32  4:49  Drone x3  
  32  4:52  Drone  
  35  4:55  Drone  
  35  4:58  Drone  
  37  5:02  Drone  
  38  5:11  Muscular Augments  
  38  5:13  Hydralisk  
  38  5:16  Hydralisk  
  42  5:21  Hydralisk  
  42  5:27  Hydralisk  
  44  5:52  Hydralisk  
  44  5:53  Hydralisk x3  
  44  5:56  Overlord  
Show
View Real Time Build Order
Export as new Build Order

gujoe Protoss 

Build Orders: Oracle Opening 

Get SALT Encoding   

  12  0:01  Probe  
  13  0:22  Probe  
  14  0:37  Probe  
  15  0:46  Pylon  
  15  0:50  Assimilator  
  15  0:54  Assimilator  
  15  1:04  Probe  
  16  1:14  Gateway  
  16  1:16  Probe  
  17  1:24  Probe  
  18  1:32  Probe  
  19  1:41  Pylon  
  19  1:43  Probe  
  20  1:55  Probe  
  20  1:57  Nexus  
  21  2:16  Cybernetics Core  
  21  2:41  Zealot  
  23  3:02  Stargate  
  23  3:06  Probe  
  23  3:08  Zealot  
  23  3:09  Warp Gate  
  26  3:14  Probe  
  27  3:24  Probe  
  28  3:35  Zealot  
  28  3:36  Pylon, Probe  
  28  3:39  Oracle  
  32  3:48  Probe  
  35  4:00  Probe  
  35  4:02  Zealot  
  38  4:06  Oracle  
  38  4:08  Probe  
  38  4:16  Probe  
  43  4:26  Probe  
  43  4:29  Zealot  
  46  4:34  Probe  
  46  4:36  Stargate  
  46  4:38  Probe, Stargate  
  48  4:42  Probe  
  48  4:43  Oracle  
  51  4:50  Probe  
  53  4:53  Probe  
  54  5:12  Pylon  
  54  5:15  Pylon x2  
  54  5:17  Pylon  
  54  5:27  Probe x2  
  54  5:29  Phoenix x2  
Show
View Real Time Build Order
Export as new Build Order

thatsjustice Terran - Winner!

Build Orders:  

Get SALT Encoding   

  12  0:02  SCV  
  13  0:14  SCV  
  13  0:18  Supply Depot  
  14  0:26  SCV  
  15  0:40  SCV  
  16  0:43  Barracks  
  16  0:51  Refinery  
  16  0:58  SCV  
  17  1:17  SCV  
  18  1:23  Barracks  
  18  1:32  Supply Depot  
  18  1:35  Barracks Tech Lab  
  18  1:40  Barracks  
  18  1:42  SCV  
  19  1:54  SCV  
  22  2:01  Marauder  
  22  2:04  Concussive Shells  
  22  2:15  Supply Depot  
  22  2:17  Barracks Reactor  
  24  2:22  Marauder  
  24  2:32  Supply Depot  
  24  2:33  Barracks Tech Lab  
  24  2:46  Marauder  
  26  2:53  Marauder  
  26  2:54  Marine x2  
  30  3:04  SCV  
  31  3:08  Refinery  
  31  3:14  Supply Depot  
  31  3:16  Orbital Command  
  31  3:18  Marauder  
  31  3:19  Marine  
  33  3:24  Marine  
  35  3:31  Marauder  
  37  3:39  Marine  
  37  3:41  Marauder  
  40  3:43  Marine  
  41  3:52  Supply Depot  
  41  3:58  Marauder  
  41  4:02  Marine  
  43  4:03  Marine  
  45  4:11  Marauder  
  47  4:25  Marine x2  
  47  4:26  Marauder  
  51  4:39  Marauder  
  51  4:43  Marine  
  54  4:47  Marauder  
  56  4:54  Marine  
  57  5:00  Marauder  
  57  5:01  Marine  
  60  5:08  Marine  
  60  5:12  Marine  
Show
View Real Time Build Order
Export as new Build Order

josh Protoss - Winner!

Build Orders:  

Get SALT Encoding   

  12  0:01  Probe  
  13  0:13  Probe  
  14  0:21  Pylon  
  14  0:26  Probe  
  15  0:41  Gateway  
  15  0:43  Probe  
  15  0:47  Assimilator  
  16  0:55  Probe  
  17  1:02  Gateway  
  17  1:07  Probe  
  18  1:19  Probe  
  19  1:30  Cybernetics Core  
  19  1:33  Pylon  
  19  1:45  Probe  
  20  1:47  Zealot  
  20  1:51  Warp Gate  
  22  1:54  Pylon  
  22  1:57  Probe  
  22  1:58  Zealot  
  25  2:15  Gateway  
  25  2:33  Zealot x2  
  29  2:49  Gateway  
  29  2:50  Pylon  
  29  3:05  Zealot x3  
  34  3:16  Gateway  
  34  3:27  Twilight Council  
  34  3:41  Zealot  
  34  3:42  Zealot  
  34  3:44  Zealot  
  40  3:54  Charge  
  40  3:56  Pylon  
  40  4:04  Probe  
  41  4:13  Zealot  
  41  4:14  Zealot  
  45  4:28  Zealot  
  47  4:31  Pylon  
  47  4:54  Zealot x3  
  47  4:55  Zealot  
  55  5:02  Pylon  
  55  5:08  Zealot  
  53  5:51  Stalker  
  53  5:52  Stalker x4  
  63  6:17  Zealot x4  
Tags
 
Add a new tag
Caveats
  • Supply blocks, unpowered buildings, or Contaminate may cause inaccurate times.
  • Supply counts are checked every 10 seconds.